 Dungeon Crawl Stone Soup version 0.24.0-37-gcf1ca852f1 (webtiles) character file.

Game seed: 17214834194394544338, levelgen mode: deterministic

402 NochnoyZador the Chucker (level 6, 0/66 HPs)
             Began as an Ogre Hunter on Nov 23, 2019.
             Slain by an adder (2 damage)
             ... on level 4 of the Dungeon.
             The game lasted 00:16:39 (4561 turns).

NochnoyZador the Chucker (Ogre Hunter)              Turns: 4561, Time: 00:16:40

Health: 0/66       AC:  3    Str: 18    XL:     6   Next: 85%
Magic:  7/7        EV: 10    Int: 12    God:
Gold:   255        SH:  0    Dex: 10    Spells: 5/5 levels left

rFire    . . .     SeeInvis .   e - +0 whip
rCold    . . .     Gourm    .   (no shield)
rNeg     . . .     Faith    .   b - +0 robe
rPois    .         Spirit   .   (helmet restricted)
rElec    .         Reflect  .   (no cloak)
rCorr    .         Harm     .   (gloves unavailable)
MR       .....                  (boots unavailable)
Stlth    +.........             (no amulet)
HPRegen  0.21/turn              (no ring)
MPRegen  0.10/turn              (no ring)

@: no status effects
A: large, unfitting armour, tough skin 1
a: no special abilities


You were on level 4 of the Dungeon.
You were hungry.

You visited 1 branch of the dungeon, and saw 4 of its levels.

You collected 255 gold pieces.

Inventory:

Hand Weapons
 e - a +0 whip (weapon)
Missiles
 d - a throwing net
 m - 21 stones (quivered)
 o - 10 poisoned darts
 v - 2 large rocks
Armour
 b - a +0 robe (worn)
Jewellery
 c - an uncursed amulet of regeneration {unknown}
 s - an uncursed ring of protection from cold {unknown}
Wands
 y - a wand of iceblast (10)
Scrolls
 g - 3 scrolls of teleportation
 j - 3 scrolls of remove curse
 k - a scroll of fog {unknown}
 n - 2 scrolls of identify
 p - a scroll of magic mapping {unknown}
 q - a scroll of enchant armour {unknown}
 t - 2 scrolls of fear
Potions
 a - a potion of ambrosia {unknown}
 l - a potion of curing
 r - a potion of agility {unknown}
 u - a potion of haste {unknown}
 w - 2 potions of brilliance {unknown}
 x - 2 potions of magic {unknown}
Comestibles
 f - 9 rations


   Skills:
 + Level 5.1 Fighting
 + Level 2.7 Maces & Flails
 + Level 5.2 Throwing
 - Level 3.0 Dodging
 - Level 1.0 Stealth
 + Level 1.4 Evocations


You had 5 spell levels left.
You didn't know any spells.
Your spell library was empty.

Dungeon Overview and Level Annotations

Branches:
Dungeon (4/15)
 Temple: D:4-7

Altars:


Innate Abilities, Weirdness & Mutations

You are too large for most types of armour.
You have tough skin. (AC +1)


Message History

You closely miss the orc.
The orc is lightly wounded.
An adder comes into view.
The orc hits you with a +0 flail!
* * * LOW HITPOINT WARNING * * *
The adder moves out of view.
The adder hisses angrily.
The orc barely misses you.
The orc rages.
The orc hits you with a +0 flail.
* * * LOW HITPOINT WARNING * * *
The orc hits you with a +0 flail.
* * * LOW HITPOINT WARNING * * *
The adder barely misses you. The orc barely misses you.
The orc rages.
It was a potion of curing.
You feel better. The orc hits you with a +0 flail!
* * * LOW HITPOINT WARNING * * *
The adder bites you.
You die...

#. # #...## .. ###.#.#...#
.(..# # #.....#...### .....
##. .#.........##.....#
...###+###.##...............#
..........................
###.......###.............
#......######..###....##.#
#......##..S@....#....##.#
#$.........o.............#
#...##.)....................#
....##......................#
......!....#................#
......#)...###...#...###....#
. ......#†...#
#...#...###....#...
......#(...#
#..)......)........ .....
#(...# #..................


You could see an adder and an orc (berserk).

Vanquished Creatures
  Eustachio (D:4)
  A bullfrog (D:3)
  An orc wizard (D:3)
  A howler monkey skeleton (D:4)
  4 adders
  2 oozes (D:2)
  4 worms
  4 dart slugs
  3 leopard geckos
  18 orcs
  4 giant cockroaches
  7 goblins
  6 hobgoblins
  4 jackals (D:1)
  7 kobolds
  A quokka (D:2)
  13 bats
  3 frilled lizards
  10 rats
94 creatures vanquished.

Notes
Turn   | Place    | Note
-------+----------+-------------------------------------------
     0 | D:1      | NochnoyZador the Ogre Hunter began the quest for the Orb.
     0 | D:1      | Reached XP level 1. HP: 22/22 MP: 1/1
   282 | D:1      | Reached XP level 2. HP: 29/29 MP: 2/2
   394 | D:1      | Reached skill level 1 in Stealth
   712 | D:1      | Reached XP level 3. HP: 29/37 MP: 3/3
   863 | D:1      | Reached skill level 1 in Maces & Flails
  1394 | D:2      | Reached XP level 4. HP: 45/45 MP: 4/4
  2503 | D:3      | Noticed a bullfrog
  2516 | D:3      | Killed a bullfrog
  2516 | D:3      | Reached XP level 5. HP: 18/54 MP: 5/5
  4100 | D:3      | Reached XP level 6. HP: 36/63 MP: 6/6
  4534 | D:4      | Noticed Eustachio
  4537 | D:4      | Killed Eustachio
  4537 | D:4      | Reached skill level 5 in Fighting
  4537 | D:4      | Reached skill level 5 in Throwing
  4537 | D:4      | Reached skill level 1 in Evocations
  4558 | D:4      | HP: 3/66 [orc/+0 flail (6)]
  4561 | D:4      | Slain by an adder

Levels and vault maps discovered:
D:1:      psy_arrival_statuary, layout_loops_corners
D:2:      minmay_door_path, layout_loops_ring, st_stairs_14
D:3:      layout_basic, first_ration
D:4:      layout_basic, serial_shops, shop, uniq_robin, uniq_eustachio

Skill      XL: |  1  2  3  4  5  6 |
---------------+-------------------+-----
Fighting       | 3 4 5 |  5.1
Dodging        | 2 3 |  3.0
Stealth        | 1 |  1.0
Maces & Flails | 1 2 |  2.7
Throwing       | 5 |  5.2
Evocations     | 1 |  1.4

Action                   |  1- 3 |  4- 6 || total
-------------------------+-------+-------++-------
Melee: Whip              |    83 |   208 ||   291
Throw: Large rock        |    31 |    12 ||    43
       Throwing net      |     1 |     2 ||     3
       Boomerang         |       |    26 ||    26
       Stone             |       |    73 ||    73
  Use: Scroll            |       |     4 ||     4
       Potion            |       |     3 ||     3
 Stab: Sleeping          |     2 |       ||     2
  Eat: Chunk             |     2 |     9 ||    11
Armor: Robe              |    31 |    54 ||    85
Dodge: Dodged            |    61 |   115 ||   176
